 Dungeon Crawl Stone Soup version 0.31-a0-165-g3f4f80340b (webtiles) character file.

Game seed: 4948098134072181951

56 qw the Shooter (level 3, -6/22 HPs)
             Began as a Gargoyle Hunter on June 13, 2023.
             Mangled by Terence
             ... wielding a +5 flail of holy wrath
              (7 damage)
             ... on level 2 of the Dungeon.
             The game lasted 00:00:27 (1133 turns).

qw the Shooter (Gargoyle Hunter)                    Turns: 1133, Time: 00:00:28

Health: -6/22      AC:  8    Str: 14    XL:     3   Next: 97%
Magic:  3/3        EV: 10    Int:  9    God:
Gold:   68         SH:  0    Dex: 15    Spells: 2/2 levels left

rFire   . . .        Y - +0 shortbow
rCold   . . .        (shield currently unavailable)
rNeg    + . .        k - +0 ring mail
rPois   inf          (no helmet)
rElec   +            (no cloak)
rCorr   .            (no gloves)
SInv    .            (no boots)
Will    .....        (no amulet)
Stlth   +            (no ring)
HPRegen 0.23/turn    (no ring)
MPRegen 0.08/turn

%: no passive effects
@: no status effects
A: sickness immunity, AC +3, negative energy resistance 1, electricity
resistance, torment resistance 1, petrification resistance
a: no special abilities


You were on level 2 of the Dungeon.
You visited 1 branch of the dungeon, and saw 2 of its levels.

You collected 68 gold pieces.


Innate Abilities, Weirdness & Mutations

You are immune to sickness and miasma.
Your stone body is resilient. (AC +3)
You are immune to poison.
You resist negative energy. (rN+)
You are resistant to electric shocks. (rElec)
You are resistant to unholy torment.
You are immune to petrification.


   Skills:
 + Level 2.7 Fighting
 - Level 5.0 Ranged Weapons
 - Level 1.2 Armour
 - Level 1.5 Dodging
 - Level 1.1 Stealth


You had 2 spell levels left.
You didn't know any spells.
Your spell library was empty.

Inventory:

Hand Weapons
 Y - a +0 shortbow (weapon)
Armour
 k - a +0 ring mail (worn)
Scrolls
 a - a scroll of vulnerability {unknown}
 j - 3 scrolls of identify
Potions
 b - 2 potions of lignification {unknown}
 e - a potion of curing
 f - a potion of enlightenment {unknown}
 g - a potion of berserk rage {unknown}
 i - a potion of experience {unknown}

Dungeon Overview and Level Annotations

Branches:
Dungeon (2/15)

Altars:

Annotations:
D:2 Terence


Message History

You shoot an arrow. The arrow misses the adder.
The adder barely misses you. The adder bites you but does no damage.
You shoot an arrow. The arrow hits the adder.
The adder is lightly wounded.
The adder bites you but does no damage.
You shoot an arrow. The arrow hits the adder!
The adder is severely wounded.
The adder barely misses you. The adder bites you.
You shoot an arrow.
The arrow hits the adder but does no damage.
The adder is severely wounded.
The adder closely misses you.
You shoot an arrow. The arrow hits the adder.
You kill the adder!
Your Armour skill increases to level 1!
You start resting.
HP restored.
b - 2 brown potions Terence the Incautious comes into view.
He is wielding a +5 flail of holy wrath and wearing a +2 chain mail of cold resistance.
You shoot an arrow.
The arrow hits Terence but does no damage.
Terence shouts!
You shoot an arrow. The arrow hits Terence.
Terence is lightly wounded.
Terence misses you.
You shoot an arrow.
The arrow hits Terence but does no damage.
Terence is lightly wounded.
Terence hits you with a +5 flail of holy wrath!
You shoot an arrow.
The arrow hits Terence but does no damage.
Terence is lightly wounded.
Terence asks, "Do you want it fast or slow?"
Terence hits you with a +5 flail of holy wrath!
Ouch! That really hurt!
You shoot an arrow.
The arrow hits Terence but does no damage.
Terence is lightly wounded.
Terence hits you with a +5 flail of holy wrath!
You die...

#.#......#.##.#.#
[..###...(#.#..#.# #.##
#.##.#.#..#.##### #..
#.##.#.#........# #.
#.##.#.####.###.# .
#.<#.#......#...#
..#######.##.########.###
......%......# #....#
##########@#.# #.####
#...@.# # #.# #.###.# #.#
#.# #.# ### #.# #.# #.#
#.# #.##########


You could see Terence.

Vanquished Creatures
  An adder (D:2)
  A worm (D:2)
  3 dart slugs (D:1)
  3 endoplasms (D:1)
  2 giant cockroaches (D:1)
  6 goblins (D:1)
  A hobgoblin (D:1)
  2 quokkas (D:1)
  4 ball pythons (D:1)
  8 bats (D:1)
  A frilled lizard (D:1)
  3 kobolds (D:1)
  A rat (D:2)
36 creatures vanquished.

Notes
Turn   | Place    | Note
-------+----------+-------------------------------------------
     0 | D:1      | qw the Gargoyle Hunter began the quest for the Orb.
     0 | D:1      | Reached XP level 1. HP: 12/12 MP: 1/1
     0 | D:1      | 0 ||| qw: Version: 0.2-a-29-gc1b59c4
     0 | D:1      | 0 ||| qw: Game counter: 4806
     0 | D:1      | 0 ||| qw: Always use a shield: true
     0 | D:1      | 0 ||| qw: God list: Okawaru
     0 | D:1      | 0 ||| qw: Allow faded altars: false
     0 | D:1      | 0 ||| qw: Do Orc after D:15 true
     0 | D:1      | 0 ||| qw: Do second Lair branch before Depths: true
     0 | D:1      | 0 ||| qw: Lair rune preference: random
     0 | D:1      | 0 ||| qw: Plans: Normal, Zot:1-4, Slime:5, God:TSO, Crypt,
                  | Tomb, Abyss, Pan, Hells, Win
     0 | D:1      | 0 ||| PLANNING D:1-11
   141 | D:1      | Reached XP level 2. HP: 17/17 MP: 2/2
   148 | D:1      | 148 ||| Stepping ~*~*~tactically~*~*~ (outnumbered).
   380 | D:1      | Reached XP level 3. HP: 21/21 MP: 3/3
   403 | D:1      | Reached skill level 5 in Ranged Weapons
   868 | D:1      | Found a faded altar of an unknown god.
   932 | D:1      | 932 ||| UPGRADING to +0 ring mail.
   942 | D:1      | 942 ||| DROPPING +0 leather armour.
   943 | D:1      | 943 ||| READING 2 scrolls labelled HAAGRIU COIFEU.
   944 | D:1      | 944 ||| READING scroll labelled IPIYKH FIJUNEI.
   945 | D:1      | 945 ||| READING 3 scrolls labelled ZYPSEO QUILEGA.
   946 | D:1      | 946 ||| READING 2 scrolls of identify.
   946 | D:1      | 946 ||| IDENTIFYING purple potion
   947 | D:1      | 947 ||| DROPPING scroll of amnesia.
   948 | D:1      | 948 ||| DROPPING scroll of butterflies.
  1115 | D:2      | Reached skill level 1 in Armour
  1128 | D:2      | Noticed Terence
  1132 | D:2      | HP: 1/22 [Terence/+5 flail of holy wrath (11)]
  1133 | D:2      | Mangled by Terence

Levels and vault maps discovered:
D:1:      heliophobic_arrival_dark_side_of_the_moon, layout_basic,
          shapermc_ecumenical_altar_hornbeckon
D:2:      layout_basic, uniq_terence

Skill      XL: |  1  2  3 |
---------------+----------+-----
Ranged Weapons | 5 |  5.0
Armour         | 1 |  1.2
Fighting       | |  2.7
Dodging        | |  1.5
Stealth        | |  1.1

Action                     || total
---------------------------++-------
   Fire: Shortbow          ||   111
    Use: Scroll            ||     4
 Armour: Leather armour    ||    13
         Ring mail         ||     2
  Dodge: Dodged            ||    32

Table legend:
 A = Non-vault XP
 B = Vault XP
 C = Vault XP percentage of total XP
 D = Non-vault monster count
 E = Vault monster count
 F = Vault count percentage of total count
                 A         B        C        D         E       F
            +---------+---------+-------+---------+---------+-------
      Total |      81 |       0 |   0.0 |      36 |       0 |   0.0
            +---------+---------+-------+---------+---------+-------
        D:1 |      62 |       0 |   0.0 |      33 |       0 |   0.0
        D:2 |      19 |       0 |   0.0 |       3 |       0 |   0.0
            +---------+---------+-------+---------+---------+-------
